[Event "Carnaval"]
[Site "Quebec CAN"]
[Date "2026.02.21"]
[Round "3"]
[White "Bourassa, Samuel"]
[Black "Cassista, Jeremie"]
[Result "1/2-1/2"]
[ECO "B11"]
[WhiteElo "1992"]
[BlackElo "1814"]
[WhiteFideId "-1"]
[BlackFideId "-1"]
[PlyCount "71"]
[GameId "2286552151572536"]
[EventDate "2026.02.20"]
[EventType "swiss"]
[EventRounds "5"]
[EventCountry "CAN"]
[TimeControl "5400+30"]

1. e4 c6 2. Nc3 d5 3. Nf3 Bg4 4. h3 Bh5 5. exd5 cxd5 6. d4 e6 7. a3 Nc6 8. Be2 Bd6 9. Be3 Nge7 10. Qd2 a6 11. O-O Nf5 12. Rfe1 Nxe3 13. Qxe3 O-O 14. Ne5 Bxe2 15. Nxc6 bxc6 16. Nxe2 Qb6 17. b4 a5 18. c3 Ra7 19. Qd2 Rfa8 20. Qb2 Qb5 21. Kf1 Qc4 22. Reb1 g6 23. Ke1 e5 24. Qb3 axb4 25. cxb4 Qxb3 26. Rxb3 Rxa3 27. Raxa3 Rxa3 28. Rxa3 Bxb4+ 29. Kd1 Bxa3 30. dxe5 Bc5 31. f4 Be3 32. Kc2 Kf8 33. Kd3 Bf2 34. g4 Ke7 35. f5 gxf5 36. gxf5 1/2-1/2

[Event "Carnaval"]
[Site "Quebec CAN"]
[Date "2026.02.21"]
[Round "3"]
[White "Chua, Zachary"]
[Black "Wilkin, Alain"]
[Result "0-1"]
[ECO "A48"]
[WhiteElo "1971"]
[BlackElo "1813"]
[WhiteFideId "-1"]
[BlackFideId "-1"]
[PlyCount "124"]
[GameId "2286552151572537"]
[EventDate "2026.02.20"]
[EventType "swiss"]
[EventRounds "5"]
[EventCountry "CAN"]
[TimeControl "5400+30"]

1. d4 Nf6 2. Bf4 d6 3. e3 g6 4. h3 Bg7 5. Nf3 O-O 6. Nbd2 b6 7. Be2 Bb7 8. O-O Nfd7 9. e4 e5 10. Bg5 f6 11. Be3 Qe7 12. Bc4+ Kh8 13. c3 Nc6 14. a3 Nd8 15. g3 f5 16. exf5 gxf5 17. Bg5 Nf6 18. Nh4 Qd7 19. dxe5 dxe5 20. Ndf3 Qc6 21. Bd3 Ne4 22. Kh2 Ne6 23. Bc1 Nd6 24. Ng5 Nxg5 25. Bxg5 Ne4 26. Be7 Rf7 27. Bxe4 fxe4 28. Bg5 Raf8 29. Be3 Ba6 30. Rg1 Bh6 31. Qh5 Bg7 32. Rad1 Kg8 33. Qg5 Bd3 34. g4 Qf6 35. Qxf6 Rxf6 36. Nf5 Re8 37. f3 Rf7 38. Rd2 Kf8 39. Rgd1 Kg8 40. Bh6 Rxf5 41. gxf5 Bxh6 42. Rg2+ Kf7 43. Rg4 Bf4+ 44. Kg1 Kf6 45. Kf2 e3+ 46. Ke1 Bxf5 47. Rg1 h5 48. Ke2 h4 49. Rh1 Be6 50. Kd3 Rd8+ 51. Kc2 Bf5+ 52. Kb3 Rxd1 53. Rxd1 e2 54. Re1 Bd3 55. c4 Bd2 56. c5 Bxe1 57. cxb6 axb6 58. Ka4 Bf2 59. b4 e1=Q 60. Kb3 Qd1+ 61. Kb2 Bd4+ 62. Ka2 Bc4# 0-1

[Event "Carnaval"]
[Site "Quebec CAN"]
[Date "2026.02.21"]
[Round "3"]
[White "Wu, Ting En Ryan"]
[Black "Saine, Zachary"]
[Result "1/2-1/2"]
[ECO "B33"]
[WhiteElo "1839"]
[BlackElo "2133"]
[WhiteFideId "-1"]
[BlackFideId "-1"]
[PlyCount "52"]
[GameId "2286552151576634"]
[EventDate "2026.02.20"]
[EventType "swiss"]
[EventRounds "5"]
[EventCountry "CAN"]
[TimeControl "5400+30"]

1. e4 c5 2. Nf3 Nc6 3. d4 cxd4 4. Nxd4 e5 5. Nb5 d6 6. N1c3 a6 7. Na3 Be6 8. Nd5 Nf6 9. Bg5 Bxd5 10. Bxf6 Qa5+ 11. c3 Bxe4 12. Nc4 Qc7 13. Bxg7 Rg8 14. Bxf8 Kxf8 15. f3 Bg6 16. Qxd6+ Qxd6 17. Nxd6 Ke7 18. O-O-O b5 19. Bd3 Bxd3 20. Rxd3 Rxg2 21. Nf5+ Ke6 22. Ne3 Rgg8 23. Rhd1 Rad8 24. Nd5 Rc8 25. Nb6 Rcd8 26. Nd5 Rc8 1/2-1/2

[Event "Carnaval"]
[Site "Quebec CAN"]
[Date "2026.02.21"]
[Round "3"]
[White "Page-Fortin, Mathieu"]
[Black "Savard, Alexandre"]
[Result "1-0"]
[ECO "A01"]
[WhiteElo "1954"]
[BlackElo "1774"]
[WhiteFideId "-1"]
[BlackFideId "-1"]
[PlyCount "33"]
[GameId "2286552151576635"]
[EventDate "2026.02.20"]
[EventType "swiss"]
[EventRounds "5"]
[EventCountry "CAN"]
[TimeControl "5400+30"]

1. b3 e5 2. Bb2 Nc6 3. e3 d5 4. Bb5 Bd6 5. f4 Qe7 6. Nf3 f6 7. Nc3 Be6 8. O-O O-O-O 9. Bxc6 bxc6 10. Qe2 Nh6 11. Rae1 g5 12. fxe5 fxe5 13. Na4 Bg4 14. Qa6+ Kd7 15. Nc5+ Bxc5 16. Nxe5+ Ke6 17. Nxc6 1-0

[Event "Carnaval"]
[Site "Quebec CAN"]
[Date "2026.02.21"]
[Round "3"]
[White "Alcantara, Maximo"]
[Black "Huynh, Nhu Phuong Nghi"]
[Result "1-0"]
[ECO "B06"]
[WhiteElo "1941"]
[BlackElo "1656"]
[WhiteFideId "-1"]
[BlackFideId "-1"]
[PlyCount "47"]
[GameId "2286552151576636"]
[EventDate "2026.02.20"]
[EventType "swiss"]
[EventRounds "5"]
[EventCountry "CAN"]
[TimeControl "5400+30"]

1. e4 d6 2. d4 g6 3. Be3 Bg7 4. Qd2 e5 5. dxe5 Bxe5 6. c4 Nc6 7. Nc3 Be6 8. f4 Bg7 9. Nf3 f5 10. Ng5 Bd7 11. Bd3 h6 12. Nf3 Nf6 13. exf5 gxf5 14. O-O O-O 15. h3 Re8 16. Rae1 Ne4 17. Bxe4 fxe4 18. Qd5+ Be6 19. Qxe4 Bxh3 20. Qg6 Be6 21. f5 Bf7 22. Qg4 Kh8 23. Qh3 Qf6 24. Bg5 1-0

[Event "Carnaval"]
[Site "Quebec CAN"]
[Date "2026.02.21"]
[Round "3"]
[White "Bain-Thouverez, Aurelien"]
[Black "Papineau Esq, Daniel"]
[Result "0-1"]
[ECO "A16"]
[WhiteElo "1821"]
[BlackElo "2010"]
[WhiteFideId "-1"]
[BlackFideId "-1"]
[PlyCount "116"]
[GameId "2286552151580733"]
[EventDate "2026.02.20"]
[EventType "swiss"]
[EventRounds "5"]
[EventCountry "CAN"]
[TimeControl "5400+30"]

1. Nf3 Nf6 2. g3 g6 3. Bg2 Bg7 4. c4 d5 5. cxd5 Nxd5 6. Nc3 Nb6 7. O-O O-O 8. d3 Nc6 9. Be3 e5 10. Bg5 f6 11. Qb3+ Kh8 12. Be3 Re8 13. Rfe1 Be6 14. Qd1 Nd5 15. Bd2 Qd7 16. Ne4 b6 17. Rc1 Nd8 18. d4 Bf5 19. Nc3 e4 20. Nh4 Nxc3 21. bxc3 Bh3 22. Bh1 g5 23. Ng2 Nf7 24. Ne3 Rad8 25. Qc2 f5 26. a4 f4 27. Nd1 Nd6 28. c4 Nf5 29. Bxe4 Nxd4 30. Qd3 Qe7 31. Nc3 Nb3 32. Bd5 Nxc1 33. Bxc1 c6 34. gxf4 g4 35. e4 cxd5 36. cxd5 Qc5 37. Bd2 Rc8 38. Rc1 Qa3 39. d6 Red8 40. e5 Qb3 41. Qe4 Qe6 42. Re1 g3 43. hxg3 Bf5 44. Qb7 Qc4 45. Nd5 Qd3 46. Be3 Be4 47. d7 Rb8 48. Nb4 Rxb7 49. Nxd3 Bxd3 50. e6 Bf6 51. g4 h6 52. f5 Kg7 53. f4 Rbxd7 54. exd7 Rxd7 55. Kg2 Bc2 56. g5 Bc3 57. f6+ Kg6 58. Bc1 Bxe1 0-1

[Event "Carnaval"]
[Site "Quebec CAN"]
[Date "2026.02.21"]
[Round "3"]
[White "Dube, Daniel"]
[Black "Lapalme, Gabriel"]
[Result "0-1"]
[ECO "E04"]
[WhiteElo "1840"]
[BlackElo "1530"]
[WhiteFideId "-1"]
[BlackFideId "-1"]
[PlyCount "78"]
[GameId "2286552151580734"]
[EventDate "2026.02.20"]
[EventType "swiss"]
[EventRounds "5"]
[EventCountry "CAN"]
[TimeControl "5400+30"]

1. Nf3 d5 2. g3 Nf6 3. Bg2 c5 4. d4 e6 5. O-O Nc6 6. c4 dxc4 7. Ne5 Nxe5 8. dxe5 Qxd1 9. Rxd1 Nd7 10. Bf4 Rb8 11. a4 a5 12. Nd2 Nb6 13. Rdc1 Nd5 14. Nxc4 Nxf4 15. gxf4 b6 16. Bc6+ Bd7 17. Bxd7+ Kxd7 18. Rd1+ Kc7 19. e4 Be7 20. Kf1 Rhd8 21. Ke2 Rd4 22. Rxd4 cxd4 23. Na3 Bxa3 24. Rxa3 Kc6 25. Kd3 Kc5 26. Ra1 Kb4 27. Rc1 Kxa4 28. Rc7 Kb3 29. Rxf7 Kxb2 30. f5 a4 31. fxe6 a3 32. Rxg7 a2 33. Ra7 b5 34. f4 b4 35. e7 a1=Q 36. Rxa1 Kxa1 37. Kc4 d3 38. Kxd3 b3 39. Kc3 b2 0-1

[Event "Carnaval"]
[Site "Quebec CAN"]
[Date "2026.02.21"]
[Round "3"]
[White "Genest, Jean-Philippe"]
[Black "Zhang, Yitian"]
[Result "0-1"]
[ECO "D30"]
[WhiteElo "1694"]
[BlackElo "1828"]
[WhiteFideId "-1"]
[BlackFideId "-1"]
[PlyCount "112"]
[GameId "2286552151584831"]
[EventDate "2026.02.20"]
[EventType "swiss"]
[EventRounds "5"]
[EventCountry "CAN"]
[TimeControl "5400+30"]

1. d4 d5 2. c4 c6 3. Nf3 Nf6 4. e3 e6 5. Nbd2 Nbd7 6. Bd3 dxc4 7. Nxc4 b5 8. Nce5 Bb7 9. O-O Bd6 10. a4 a6 11. e4 O-O 12. Qe2 bxa4 13. Nxd7 Nxd7 14. e5 Be7 15. Qe4 g6 16. Bh6 Re8 17. Qf4 c5 18. Ng5 Bxg5 19. Bxg5 Qc7 20. Rfc1 Rec8 21. Rxc5 Nxc5 22. dxc5 Qxc5 23. Bf6 a3 24. bxa3 Qf8 25. h4 Rc3 26. Rb1 Bd5 27. Qd2 Qc8 28. h5 Rc7 29. Rb4 Qf8 30. Qg5 Raa7 31. Qh4 a5 32. Rg4 Rc1+ 33. Kh2 Rcc7 34. hxg6 fxg6 35. Bxg6 hxg6 36. Rxg6+ Rg7 37. Rh6 Rh7 38. Qg5+ Rag7 39. Rxh7 Kxh7 40. Qh4+ Kg8 41. Bxg7 Qxg7 42. Qd8+ Kh7 43. Qh4+ Qh6 44. Qxh6+ Kxh6 45. g4 Kg6 46. f4 Be4 47. Kg3 a4 48. Kf2 Bc2 49. Ke3 Bb1 50. f5+ Bxf5 51. gxf5+ Kxf5 52. Kd4 Kf4 53. Kc5 Kxe5 54. Kb4 Kf4 55. Kxa4 e5 56. Kb3 e4 0-1

[Event "Carnaval"]
[Site "Quebec CAN"]
[Date "2026.02.21"]
[Round "3"]
[White "Voisin, Antoine"]
[Black "Potvin, Alain-Nicolas"]
[Result "0-1"]
[ECO "E90"]
[WhiteElo "1645"]
[BlackElo "1717"]
[WhiteFideId "-1"]
[BlackFideId "-1"]
[PlyCount "66"]
[GameId "2286552151588928"]
[EventDate "2026.02.20"]
[EventType "swiss"]
[EventRounds "5"]
[EventCountry "CAN"]
[TimeControl "5400+30"]

1. e4 d6 2. d4 Nf6 3. Bd3 g6 4. c4 Bg7 5. Nf3 O-O 6. O-O e5 7. d5 a5 8. Nc3 Na6 9. Be3 Ng4 10. Bg5 f6 11. Bd2 f5 12. h3 Nf6 13. Re1 f4 14. a3 h6 15. b4 g5 16. Nh2 Qe8 17. Be2 h5 18. f3 Qg6 19. Rb1 Rf7 20. Rf1 Bf8 21. Be1 Rg7 22. Bf2 g4 23. hxg4 hxg4 24. fxg4 Rh7 25. Nf3 Bxg4 26. Nh4 Qh5 27. Bxg4 Nxg4 28. Be1 Be7 29. Rf3 Bxh4 30. Rh3 Qg5 31. c5 Bf2+ 32. Bxf2 Rxh3 33. Qe1 Nxf2 0-1

[Event "Carnaval"]
[Site "Quebec CAN"]
[Date "2026.02.22"]
[Round "4"]
[White "Sambuev, Bator"]
[Black "Latorre, Vincent"]
[Result "1-0"]
[ECO "C54"]
[WhiteElo "2536"]
[BlackElo "2383"]
[WhiteFideId "-1"]
[BlackFideId "-1"]
[PlyCount "95"]
[GameId "2286552151588929"]
[EventDate "2026.02.20"]
[EventType "swiss"]
[EventRounds "5"]
[EventCountry "CAN"]
[TimeControl "5400+30"]

1. e4 e5 2. Nf3 Nc6 3. Bc4 Nf6 4. d3 Bc5 5. c3 d6 6. h3 a6 7. Bb3 Ba7 8. Nbd2 O-O 9. Nf1 Ne7 10. Be3 Ng6 11. Bxa7 Rxa7 12. Ne3 c6 13. h4 h5 14. Ng5 d5 15. g3 d4 16. Ng2 c5 17. cxd4 exd4 18. Nf4 Nxf4 19. gxf4 b5 20. Rc1 Rc7 21. Rg1 Qe7 22. Qe2 Bb7 23. f3 a5 24. a3 c4 25. dxc4 Qc5 26. Kd2 a4 27. cxb5 Qb6 28. Rxc7 Qxc7 29. Bc4 Qxf4+ 30. Kc2 Nd7 31. Qd2 Qc7 32. Qxd4 Ne5 33. b3 Rd8 34. b6 axb3+ 35. Kxb3 Rxd4 36. bxc7 Rxc4 37. f4 Rxc7 38. fxe5 Re7 39. Rd1 g6 40. Rd8+ Kg7 41. Kc4 Rxe5 42. Rd7 Ba6+ 43. Kd4 Ra5 44. Rxf7+ Kg8 45. Ra7 Rxa3 46. Ke5 Ra4 47. Kf6 Bb5 48. Rg7+ 1-0

[Event "Carnaval"]
[Site "Quebec CAN"]
[Date "2026.02.22"]
[Round "4"]
[White "Chiku-Ratte, Olivier-Kenta"]
[Black "Song, Julien"]
[Result "1-0"]
[ECO "E51"]
[WhiteElo "2404"]
[BlackElo "2458"]
[WhiteFideId "-1"]
[BlackFideId "-1"]
[PlyCount "81"]
[GameId "2286552151588930"]
[EventDate "2026.02.20"]
[EventType "swiss"]
[EventRounds "5"]
[EventCountry "CAN"]
[TimeControl "5400+30"]

1. d4 Nf6 2. c4 e6 3. Nc3 Bb4 4. e3 O-O 5. Bd2 d5 6. Nf3 Nbd7 7. Rc1 a6 8. cxd5 exd5 9. Qb3 Bxc3 10. Qxc3 c6 11. Qc2 Ne4 12. Bb4 Re8 13. Bd3 Nf8 14. Bxf8 Rxf8 15. O-O Qe7 16. Ne5 g6 17. Bxe4 dxe4 18. Qc5 Re8 19. Qxe7 Rxe7 20. Nc4 Be6 21. Nb6 Rd8 22. a4 Kf8 23. b4 Rd6 24. Rc5 f6 25. Rfc1 Ke8 26. Kf1 Kf7 27. Ke2 Ke8 28. Kd2 Kf7 29. Kc3 Kg7 30. b5 axb5 31. axb5 cxb5 32. Rxb5 Bg4 33. Kd2 Kh6 34. h3 Be6 35. Rcc5 Kg7 36. d5 Bd7 37. Rb4 Kf7 38. Nc4 Ra6 39. Rxb7 Ra2+ 40. Kc3 Ra6 41. d6 1-0

[Event "Carnaval"]
[Site "Quebec CAN"]
[Date "2026.02.22"]
[Round "4"]
[White "Rainfray, Arnaud"]
[Black "Page-Fortin, Mathieu"]
[Result "1-0"]
[ECO "C11"]
[WhiteElo "2336"]
[BlackElo "1954"]
[WhiteFideId "-1"]
[BlackFideId "-1"]
[PlyCount "49"]
[GameId "2286552151593027"]
[EventDate "2026.02.20"]
[EventType "swiss"]
[EventRounds "5"]
[EventCountry "CAN"]
[TimeControl "5400+30"]

1. e4 e6 2. d4 d5 3. Nc3 Nf6 4. e5 Ng8 5. Nf3 c5 6. dxc5 Bxc5 7. Bd3 Nc6 8. O-O f6 9. Bb5 Bd7 10. Bxc6 bxc6 11. Na4 Bf8 12. Be3 Qa5 13. c3 c5 14. Nxc5 Bxc5 15. b4 Bxb4 16. cxb4 Qa4 17. Qd2 fxe5 18. Nxe5 Bb5 19. Rfe1 Nf6 20. Bc5 Rd8 21. Qg5 Rg8 22. Rac1 Qa6 23. Ng4 Kf7 24. Re3 Bd3 25. Ne5+ 1-0

[Event "Carnaval"]
[Site "Quebec CAN"]
[Date "2026.02.22"]
[Round "4"]
[White "Iordanescu, Victor Nicolae"]
[Black "Adam, Rafael"]
[Result "1-0"]
[ECO "A28"]
[WhiteElo "1992"]
[BlackElo "2304"]
[WhiteFideId "-1"]
[BlackFideId "-1"]
[PlyCount "61"]
[GameId "2286552151593028"]
[EventDate "2026.02.20"]
[EventType "swiss"]
[EventRounds "5"]
[EventCountry "CAN"]
[TimeControl "5400+30"]

1. c4 e5 2. Nc3 Nf6 3. Nf3 Nc6 4. a3 a5 5. e3 Be7 6. d4 exd4 7. exd4 d5 8. h3 O-O 9. Bd3 Be6 10. c5 Ne4 11. Nxe4 dxe4 12. Bxe4 Bd5 13. Bxd5 Qxd5 14. O-O Rfd8 15. Be3 Bf6 16. Qa4 Ne7 17. Rad1 g5 18. Qc2 Ng6 19. Qd2 h6 20. Ne1 Rd7 21. f4 gxf4 22. Bf2 a4 23. Nf3 Kg7 24. Qc2 Ra5 25. Ne5 Re7 26. Ng4 Rb5 27. Nxf6 Kxf6 28. Bh4+ Nxh4 29. Rxf4+ Nf5 30. Rxf5+ Qxf5 31. Rf1 1-0

[Event "Carnaval"]
[Site "Quebec CAN"]
[Date "2026.02.22"]
[Round "4"]
[White "Alcantara, Maximo"]
[Black "Wiebe, Isaac"]
[Result "0-1"]
[ECO "C60"]
[WhiteElo "1941"]
[BlackElo "2248"]
[WhiteFideId "-1"]
[BlackFideId "-1"]
[PlyCount "52"]
[GameId "2286552151593029"]
[EventDate "2026.02.20"]
[EventType "swiss"]
[EventRounds "5"]
[EventCountry "CAN"]
[TimeControl "5400+30"]

1. e4 e5 2. Nf3 Nc6 3. Bb5 g6 4. d3 Bg7 5. Bg5 Nge7 6. Qd2 h6 7. Be3 f5 8. Qe2 d6 9. g3 O-O 10. Bc4+ Kh8 11. Nh4 f4 12. Bd2 g5 13. Nf5 Nxf5 14. exf5 Nd4 15. Qh5 Nxc2+ 16. Kd1 Nxa1 17. g4 Bd7 18. Nc3 Be8 19. Qh3 c6 20. a3 d5 21. Ba2 Qb6 22. Qg2 Qxb2 23. h4 Nb3 24. f3 Qxd2+ 25. Qxd2 Nxd2 26. Kxd2 Bf6 0-1

[Event "Carnaval"]
[Site "Quebec CAN"]
[Date "2026.02.22"]
[Round "4"]
[White "Vaillant, Charles-Etienne"]
[Black "Berube, Antoine"]
[Result "0-1"]
[ECO "A13"]
[WhiteElo "1863"]
[BlackElo "2214"]
[WhiteFideId "-1"]
[BlackFideId "-1"]
[PlyCount "144"]
[GameId "2286552151593030"]
[EventDate "2026.02.20"]
[EventType "swiss"]
[EventRounds "5"]
[EventCountry "CAN"]
[TimeControl "5400+30"]

1. c4 e6 2. g3 d5 3. Bg2 dxc4 4. Qa4+ Nd7 5. Qxc4 a6 6. Qc2 Rb8 7. Nf3 Ngf6 8. O-O Bd6 9. Nc3 O-O 10. a4 c5 11. d4 b5 12. axb5 axb5 13. dxc5 Nxc5 14. Nd4 Bd7 15. b4 Na4 16. Ncxb5 Bxb5 17. Nxb5 Rxb5 18. Rxa4 Bxb4 19. Rd1 Qb6 20. Be3 Bc5 21. Bxc5 Rxc5 22. Rc4 Rxc4 23. Qxc4 h6 24. h4 Rd8 25. Rxd8+ Qxd8 26. Bf3 g6 27. Kg2 Kg7 28. Qc3 Qd6 29. Qc6 Qd4 30. Qc2 e5 31. e3 Qb4 32. e4 Qd4 33. Kf1 Qa1+ 34. Ke2 Qa6+ 35. Qd3 Qa2+ 36. Qd2 Qa1 37. Qc2 Nh7 38. Bg2 Nf8 39. Bh3 Nh7 40. Bc8 Nf6 41. f4 Qh1 42. fxe5 Nxe4 43. e6 Nxg3+ 44. Kd3 Qe4+ 45. Kd2 Qe2+ 46. Kc1 Qxc2+ 47. Kxc2 fxe6 48. Bxe6 Kf6 49. Bd5 Nf5 50. Bb7 Nxh4 51. Kd3 Kf5 52. Ke3 Kg4 53. Kf2 Kf4 54. Bc6 g5 55. Be8 g4 56. Bh5 g3+ 57. Kg1 Nf5 58. Kg2 Ne3+ 59. Kg1 Kg5 60. Be8 h5 61. Bf7 h4 62. Be6 Kf4 63. Bd7 Ng4 64. Kg2 Nf2 65. Kg1 h3 66. Bc6 h2+ 67. Kf1 h1=Q+ 68. Bxh1 Nxh1 69. Kg1 Nf2 70. Kg2 Kg4 71. Kf1 Kf3 72. Kg1 Nh3+ 0-1

[Event "Carnaval"]
[Site "Quebec CAN"]
[Date "2026.02.22"]
[Round "4"]
[White "Wilkin, Alain"]
[Black "Gutierrez, Renzo"]
[Result "0-1"]
[ECO "A46"]
[WhiteElo "1813"]
[BlackElo "2206"]
[WhiteFideId "-1"]
[BlackFideId "-1"]
[PlyCount "76"]
[GameId "2286552151597127"]
[EventDate "2026.02.20"]
[EventType "swiss"]
[EventRounds "5"]
[EventCountry "CAN"]
[TimeControl "5400+30"]

1. d4 Nf6 2. Nf3 e6 3. g3 b5 4. Bg2 Bb7 5. O-O c5 6. c3 Be7 7. Nbd2 O-O 8. Re1 d5 9. Ne5 Nbd7 10. Ndf3 a5 11. h4 Qb6 12. Bg5 Rfd8 13. Nxd7 Rxd7 14. Ne5 Rc7 15. Bxf6 Bxf6 16. Ng4 Be7 17. e3 b4 18. Ne5 Rac8 19. cxb4 axb4 20. dxc5 Bxc5 21. Nd3 Bd6 22. Rc1 Ba6 23. Rxc7 Qxc7 24. Nf4 Be5 25. Qg4 Bxb2 26. Nxe6 Qd7 27. Bh3 Qxe6 28. Qxe6 fxe6 29. Bxe6+ Kf8 30. Bxc8 Bxc8 31. Rd1 Be6 32. f3 Bc3 33. Kf2 d4 34. exd4 Bxa2 35. d5 b3 36. d6 Ke8 37. Ke3 b2 38. Kd3 Be5 0-1

[Event "Carnaval"]
[Site "Quebec CAN"]
[Date "2026.02.22"]
[Round "4"]
[White "Tremblay, Rejean"]
[Black "Wu, Ting En Ryan"]
[Result "1/2-1/2"]
[ECO "D43"]
[WhiteElo "2132"]
[BlackElo "1839"]
[WhiteFideId "-1"]
[BlackFideId "-1"]
[PlyCount "98"]
[GameId "2286552151597128"]
[EventDate "2026.02.20"]
[EventType "swiss"]
[EventRounds "5"]
[EventCountry "CAN"]
[TimeControl "5400+30"]

1. d4 d5 2. c4 c6 3. Nf3 Nf6 4. Nc3 e6 5. Bg5 h6 6. Bxf6 Qxf6 7. e3 Nd7 8. Qb3 Bd6 9. Rc1 O-O 10. Bd3 dxc4 11. Bxc4 e5 12. Ne4 Qg6 13. Nxd6 Qxd6 14. dxe5 Nxe5 15. Nxe5 Qxe5 16. O-O b5 17. Bd3 Be6 18. Qc2 Rac8 19. a3 Rfd8 20. Rfd1 a5 21. Bh7+ Kh8 22. Rxd8+ Rxd8 23. Bd3 a4 24. h3 Qd6 25. Be4 Bc4 26. Bf3 Qf6 27. Be2 Be6 28. Bf1 Bf5 29. e4 Be6 30. Qxc6 Rc8 31. Qxc8+ Bxc8 32. Rxc8+ Kh7 33. Bxb5 Qb6 34. Bxa4 Qa6 35. Bd7 Qb7 36. Rd8 Qxb2 37. Bf5+ g6 38. Bg4 Qxa3 39. g3 h5 40. Be2 h4 41. Rd3 Qb2 42. Bf1 Qb4 43. Rf3 Kg7 44. Bd3 hxg3 45. Rxg3 Qd4 46. Kg2 Kh6 47. Rf3 Qd8 48. Bc4 Qg5+ 49. Rg3 Qf4 1/2-1/2

[Event "Carnaval"]
[Site "Quebec CAN"]
[Date "2026.02.22"]
[Round "4"]
[White "Duong, Thanh Nha"]
[Black "Papineau Esq, Daniel"]
[Result "1-0"]
[ECO "A15"]
[WhiteElo "2303"]
[BlackElo "2010"]
[WhiteFideId "-1"]
[BlackFideId "-1"]
[PlyCount "39"]
[GameId "2286552151597129"]
[EventDate "2026.02.20"]
[EventType "swiss"]
[EventRounds "5"]
[EventCountry "CAN"]
[TimeControl "5400+30"]

1. Nf3 Nf6 2. c4 g6 3. b4 Bg7 4. Bb2 O-O 5. g3 d5 6. cxd5 Nxd5 7. Bxg7 Kxg7 8. Qb3 Qd6 9. a3 f6 10. d4 Be6 11. Qb2 Nb6 12. Nbd2 Nc6 13. e3 Rad8 14. Rc1 Bd5 15. Bg2 Qe6 16. O-O Nc4 17. Nxc4 Bxc4 18. Rfe1 Bb5 19. e4 Qd7 20. d5 1-0

[Event "Carnaval"]
[Site "Quebec CAN"]
[Date "2026.02.22"]
[Round "4"]
[White "Cassista, Jeremie"]
[Black "Di Matteo, Alessio"]
[Result "1-0"]
[ECO "E11"]
[WhiteElo "1814"]
[BlackElo "2048"]
[WhiteFideId "-1"]
[BlackFideId "-1"]
[PlyCount "99"]
[GameId "2286552151605322"]
[EventDate "2026.02.20"]
[EventType "swiss"]
[EventRounds "5"]
[EventCountry "CAN"]
[TimeControl "5400+30"]

1. d4 Nf6 2. Nf3 e6 3. c4 Bb4+ 4. Bd2 c5 5. Bxb4 cxb4 6. Nbd2 O-O 7. e3 a5 8. Be2 b6 9. Ne5 Bb7 10. Bf3 Qc7 11. Bxb7 Qxb7 12. Qf3 Qxf3 13. Ndxf3 d6 14. Nd3 Na6 15. O-O Rac8 16. Nd2 Nd7 17. Rac1 Rfd8 18. Rfd1 Kf8 19. f3 Ke7 20. Kf2 Rc7 21. g4 f6 22. h4 Rdc8 23. b3 Nab8 24. Nf4 Nf8 25. Ne4 Nbd7 26. Rc2 b5 27. c5 d5 28. Nd6 Rb8 29. Nd3 Rc6 30. Re2 Ng6 31. h5 Nh8 32. e4 dxe4 33. Rxe4 Rxd6 34. cxd6+ Kxd6 35. Rde1 Re8 36. Nc5 Nxc5 37. dxc5+ Kd5 38. Rd1+ Kxc5 39. Rd7 a4 40. Rc7+ Kb6 41. Rxg7 axb3 42. axb3 Rf8 43. Rxe6+ Kc5 44. Rc7+ Kd4 45. Ree7 Ra8 46. Red7+ Ke5 47. Ke3 Ra3 48. Rd3 Ke6 49. Rc8 Nf7 50. Re8# 1-0

[Event "Carnaval"]
[Site "Quebec CAN"]
[Date "2026.02.22"]
[Round "4"]
[White "Zhang, Yitian"]
[Black "Drolet, Louis-Charles"]
[Result "0-1"]
[ECO "D85"]
[WhiteElo "1828"]
[BlackElo "1992"]
[WhiteFideId "-1"]
[BlackFideId "-1"]
[PlyCount "74"]
[GameId "2286552151605323"]
[EventDate "2026.02.20"]
[EventType "swiss"]
[EventRounds "5"]
[EventCountry "CAN"]
[TimeControl "5400+30"]

1. d4 Nf6 2. c4 g6 3. Nc3 d5 4. cxd5 Nxd5 5. e4 Nxc3 6. bxc3 Bg7 7. Nf3 c5 8. Rb1 Nc6 9. Bb5 O-O 10. d5 Ne5 11. Nxe5 Bxe5 12. Qd2 Qa5 13. Rb3 a6 14. Be2 Bd7 15. f4 Bg7 16. O-O b5 17. e5 c4 18. Rb2 Rad8 19. Qe3 Bc8 20. Bf3 Bf5 21. Re1 Bd3 22. Qd4 Rd7 23. Bd2 Rfd8 24. Qf2 Qa3 25. Be3 Rb8 26. Ba7 Rf8 27. Bd4 f5 28. Bc5 Qa5 29. d6 exd6 30. Bxd6 Rxd6 31. exd6 Qxc3 32. Rbe2 Bxe2 33. Qxe2 Qd4+ 34. Kh1 Qxd6 35. Rd1 Qxf4 36. Qe6+ Kh8 37. Qxa6 Be5 0-1

[Event "Carnaval"]
[Site "Quebec CAN"]
[Date "2026.02.22"]
[Round "4"]
[White "Saine, Zachary"]
[Black "Bourassa, Samuel"]
[Result "0-1"]
[ECO "B51"]
[WhiteElo "2133"]
[BlackElo "1992"]
[WhiteFideId "-1"]
[BlackFideId "-1"]
[PlyCount "72"]
[GameId "2286552151605324"]
[EventDate "2026.02.20"]
[EventType "swiss"]
[EventRounds "5"]
[EventCountry "CAN"]
[TimeControl "5400+30"]

1. e4 c5 2. Nf3 d6 3. Bb5+ Bd7 4. a4 Nc6 5. O-O g6 6. Re1 Bg7 7. c3 a6 8. Bf1 Bg4 9. h3 Bxf3 10. Qxf3 Nf6 11. Na3 O-O 12. Nc2 Nd7 13. Qd1 Qb6 14. Ne3 e6 15. d3 Rfd8 16. g4 Nf6 17. Bg2 Ne8 18. Nc4 Qc7 19. a5 Rab8 20. Bf4 e5 21. Bg5 Bf6 22. Bd2 Ng7 23. Nb6 Rf8 24. Nd5 Qd8 25. Bh6 Bg5 26. Bxg5 Qxg5 27. Qc1 Qh4 28. f4 f6 29. f5 Rf7 30. Rf1 Ne7 31. Nb6 Rd8 32. Kh2 g5 33. Bf3 h5 34. Rg1 Qf2+ 35. Bg2 hxg4 36. hxg4 Ngxf5 0-1

[Event "Carnaval"]
[Site "Quebec CAN"]
[Date "2026.02.22"]
[Round "4"]
[White "Potvin, Alain-Nicolas"]
[Black "Chua, Zachary"]
[Result "0-1"]
[ECO "D05"]
[WhiteElo "1717"]
[BlackElo "1971"]
[WhiteFideId "-1"]
[BlackFideId "-1"]
[PlyCount "36"]
[GameId "2286552151609421"]
[EventDate "2026.02.20"]
[EventType "swiss"]
[EventRounds "5"]
[EventCountry "CAN"]
[TimeControl "5400+30"]

1. d4 Nf6 2. Nf3 e6 3. e3 b6 4. Bd3 Bb7 5. O-O Be7 6. Nbd2 d5 7. b3 Ne4 8. Bb2 Nd7 9. Ne5 Nxe5 10. dxe5 O-O 11. f4 a5 12. a3 Qd7 13. Rf3 a4 14. Rh3 g6 15. b4 Rfd8 16. Qe2 c5 17. Bxe4 dxe4 18. Nc4 Ba6 0-1

[Event "Carnaval"]
[Site "Quebec CAN"]
[Date "2026.02.22"]
[Round "4"]
[White "Belanger, Mathieu-Olivier"]
[Black "Lorge, Edouard"]
[Result "1-0"]
[ECO "C10"]
[WhiteElo "1920"]
[BlackElo "1495"]
[WhiteFideId "-1"]
[BlackFideId "-1"]
[PlyCount "89"]
[GameId "2286552151609422"]
[EventDate "2026.02.20"]
[EventType "swiss"]
[EventRounds "5"]
[EventCountry "CAN"]
[TimeControl "5400+30"]

1. e4 e6 2. d4 d5 3. Nd2 dxe4 4. Nxe4 Nf6 5. Nxf6+ Qxf6 6. Bd3 Be7 7. Nf3 h6 8. O-O O-O 9. c3 Nd7 10. Bc2 g5 11. Be3 Bd6 12. Nxg5 hxg5 13. Qh5 Qg7 14. Bxg5 f5 15. Bh6 Qh7 16. f4 Rf7 17. Rf3 Bf8 18. Qg5+ Bg7 19. Rh3 Nf6 20. Bxg7 Qxg7 21. Qh4 Kf8 22. Re1 Bd7 23. Bb3 Re8 24. Qf2 Ne4 25. Qe2 Rf6 26. Re3 Bc6 27. Bc2 Rg6 28. Bxe4 Bxe4 29. g3 Kf7 30. Qc4 c6 31. Qb4 Re7 32. c4 Qh7 33. Rd1 Qh3 34. Rd2 Ke8 35. Qd6 Rd7 36. Qb8+ Ke7 37. Qxa7 Rg8 38. Qa3+ Kf7 39. Qc3 Rgd8 40. g4 Qh8 41. Rh3 Qg7 42. Qb4 Rxd4 43. Qxb7+ R8d7 44. Qxd7+ Rxd7 45. Rxd7+ 1-0